AoeStats
← Adrijiga

MegaRandom

508874453Analyzed
3v3 RM · 9d ago on Sep 24, 2026· 26m 57s· 6 players
Game mode
Random Map
Map size
Normal (6 player)
Population
200
Speed
Normal
Resources
Standard
Victory
Conquest
Starting age
Dark Age
Ending age
Imperial Age
RankedLock teamsTeams togetherTeam positionsShared explorationLock speedFull tech treeHidden civsTurbo modeCheats
Victory
Defeat
🇬🇧 Gurjaras · United Kingdom
1504
+11
🇯🇵 Vietnamese · Japan
1500
+11
🇪🇸 Hindustanis · Spain
1402
+15
🇹🇼 Japanese · Taiwan
1461
-15
🇭🇰 Varangians · Hong Kong SAR China
1389
-12
🇨🇳 Huns · China
1329
-10
{duress} Lendon
6:16 Loom
9:16 Feudal Age
9:50 Double-Bit Axe
9:47 Horse Collar
11:55 Bloodlines
16:48 Scale Barding Armor
22:16 Forging
25:31 Castle Age
24:42 Gold Mining
No_English
3:17 Loom
10:11 Feudal Age
11:49 Double-Bit Axe
13:00 Horse Collar
16:29 Fletching
17:00 Padded Archer Armor
21:34 Wheelbarrow
25:09 Castle Age
鹏程
7:20 Loom
9:36 Feudal Age
11:15 Double-Bit Axe
11:25 Horse Collar
15:13 Bloodlines
16:03 Town Watch
18:18 Wheelbarrow
22:18 Castle Age
23:57 Fletching
25:20 Bodkin Arrow
Adrijiga
10:32 Feudal Age
10:28 Loom
15:41 Castle Age
14:46 Double-Bit Axe
14:55 Horse Collar
16:05 Forging
20:14 Husbandry
22:16 Scale Barding Armor
22:34 Town Watch
25:03 Iron Casting
25:35 Bloodlines
Songoku
6:59 Loom
9:12 Feudal Age
9:53 Double-Bit Axe
11:27 Fletching
15:45 Padded Archer Armor
17:16 Horse Collar
22:16 Castle Age
20:44 Gold Mining
22:20 Crossbowman
22:55 Bodkin Arrow
23:23 Bow Saw
24:28 Ballistics
26:28 Wheelbarrow
26:24 Heavy Plow
leaftopjo
7:29 Loom
9:45 Feudal Age
10:24 Double-Bit Axe
10:20 Horse Collar
13:11 Forging
14:44 Scale Barding Armor
20:09 Bloodlines
23:48 Castle Age
22:01 Town Watch
24:45 Husbandry
24:07 Light Cavalry
25:08 Chain Barding Armor
25:24 Iron Casting
26:56 Fletching
Connection lost

Rejoining the realm…

Still unreachable

The connection could not be restored.

Session expired

The server has moved on; the page needs a fresh start.